 Dungeon Crawl Stone Soup version 0.24.0-13-gcf9b319 (webtiles) character file.

Game seed: 6508407841524927640, levelgen mode: deterministic

864 Fang the Skirmisher (level 8, 0/51 HPs)
             Began as a Gargoyle Berserker on Nov 19, 2019.
             Was a Believer of Trog.
             Slain by an orc wizard
             ... wielding a +0 dagger
              (2 damage)
             ... on level 5 of the Dungeon on Nov 20, 2019.
             The game lasted 00:04:53 (4446 turns).

Fang the Skirmisher (Gargoyle Berserker)            Turns: 4446, Time: 00:04:54

Health: 0/51       AC:  8    Str: 22    XL:     8   Next: 3%
Magic:  8/8        EV: 13    Int:  9    God:    Trog [**....]
Gold:   187        SH:  0    Dex:  9    Spells: 7/7 levels left

rFire    . . .     SeeInvis .   a - +0 hand axe
rCold    . . .     Gourm    .   (no shield)
rNeg     + . .     Faith    .   b - +0 animal skin
rPois    ∞         Spirit   .   (no helmet)
rElec    +         Reflect  .   (no cloak)
rCorr    .         Harm     .   (no gloves)
MR       ++...                  (no boots)
Stlth    +.........             g - amulet of the acrobat
HPRegen  1.17/turn              (no ring)
MPRegen  0.11/turn              (no ring)

@: berserk cooldown, regenerating, slowed, very slow
A: negative energy resistance 1, electricity resistance, unbreathing,
petrification resistance, rot immunity, AC +5
a: Berserk, Trog's Hand, Renounce Religion


You were on level 5 of the Dungeon.
You worshipped Trog.
Trog was pleased with you.
You were near starving.

You visited 1 branch of the dungeon, and saw 5 of its levels.

You collected 187 gold pieces.

Inventory:

Hand Weapons
 a - a +0 hand axe (weapon)
Armour
 b - a +0 animal skin (worn)
Jewellery
 g - an amulet of the acrobat (around neck)
Wands
 j - a wand of disintegration (12)
Scrolls
 d - a scroll of blinking {unknown}
 e - 2 scrolls of magic mapping {unknown}
 f - a scroll of identify {unknown}
 i - 2 scrolls of fear {unknown}
 k - a scroll of enchant armour {unknown}
Comestibles
 c - 8 rations
 h - 4 chunks of flesh


   Skills:
 + Level 5.8 Fighting
 + Level 4.8 Axes
 + Level 5.1 Armour
 + Level 3.9 Dodging


You had 7 spell levels left.
You didn't know any spells.
Your spell library was empty.

Dungeon Overview and Level Annotations

Branches:
Dungeon (5/15)
 Temple: D:4-7

Altars:


Innate Abilities, Weirdness & Mutations

You are resistant to torment.
Your stone body is resilient. (AC +5)
You are immune to poison.
You resist negative energy. (rN+)
You are resistant to electric shocks. (rElec)
You can survive without breathing.
You are immune to petrification.
You are immune to rotting.


Message History

Something hits you.
* * * LOW HITPOINT WARNING * * *
You hit something but do no damage. You completely miss the scorpion.
The scorpion stings you but does no damage.
Something hits you but does no damage.
The scorpion stings you but does no damage.
Something hits you but does no damage.
You hit something but do no damage. You barely miss the scorpion.
Your skin stops crawling.
You feel less resistant to hostile enchantments.
The scorpion stings you.
* * * LOW HITPOINT WARNING * * *
Something hits you but does no damage. The scorpion misses you.
Your skin crawls.
You feel resistant to hostile enchantments.
You feel somewhat more hungry. Something hits you but does no damage.
The scorpion stings you.
* * * LOW HITPOINT WARNING * * *
Something hits you.
You die...

)......#
.(....###.........#
..................###
.......##............
.......##..........##
....................####
.......##........[......
.>......#...............
.....##..# #..)@# ...
.#######.####†){s#.....
.. #....).)......... ##
#####.#.###...... #.#.#
#..... ..... .....
....... .... .........
#.. #######.... ##


You could see a scorpion.

Vanquished Creatures
  Grinder (D:3)
  Sigmund (D:3)
  2 ogres (D:4)
  A howler monkey (D:4)
  A hound (D:4)
  3 orc wizards (D:5)
  A hound skeleton (D:4)
  9 adders
  An adder skeleton (D:4)
  A worm (D:2)
  2 dart slugs
  3 leopard geckos
  14 orcs
  2 ball pythons (D:4)
  8 bats
  2 giant cockroaches (D:1)
  3 goblins
  2 hobgoblins
  8 jackals
  8 kobolds
  2 quokkas (D:4)
  3 frilled lizards
  A quokka skeleton (D:4)
  2 rats
81 creatures vanquished.

Notes
Turn   | Place    | Note
-------+----------+-------------------------------------------
     0 | D:1      | Fang the Gargoyle Berserker began the quest for the Orb.
     0 | D:1      | Reached XP level 1. HP: 14/14 MP: 1/1
   110 | D:1      | You fall into a shaft and drop 1 floor!
   273 | D:2      | Reached XP level 2. HP: 8/19 MP: 2/2
   346 | D:2      | HP: 1/28 [worm (7)]
   766 | D:2      | Reached XP level 3. HP: 23/23 MP: 3/3
  1108 | D:2      | Found a faded altar of an unknown god.
  1724 | D:1      | Reached XP level 4. HP: 29/29 MP: 4/4
  2357 | D:3      | Noticed Grinder
  2362 | D:3      | Paralysed by Grinder for 4 turns
  2375 | D:3      | Paralysed by Grinder for 4 turns
  2382 | D:3      | Paralysed by Grinder for 4 turns
  2407 | D:3      | Killed Grinder
  2407 | D:3      | Reached XP level 5. HP: 5/34 MP: 5/5
  2407 | D:3      | Reached XP level 6. HP: 6/39 MP: 6/6
  2830 | D:3      | Reached ** piety under Trog
  2934 | D:3      | Noticed Sigmund
  2946 | D:3      | Killed Sigmund
  2946 | D:3      | Reached skill level 5 in Fighting
  2946 | D:3      | Reached XP level 7. HP: 22/44 MP: 7/7
  4351 | D:5      | Entered Level 5 of the Dungeon
  4414 | D:5      | Reached skill level 5 in Armour
  4432 | D:5      | Reached XP level 8. HP: 26/51 MP: 8/8
  4446 | D:5      | HP: 2/51 [scorpion (2)]
  4446 | D:5      | Slain by an orc wizard

Levels and vault maps discovered:
D:1:      shiori_arrival_maze, layout_basic
D:2:      layout_loops_ring, chequers_ecumenical_altar_simple, hex_tiny
D:3:      layout_loops_ring, first_ration, uniq_grinder, uniq_sigmund
D:4:      layout_basic, lemuel_another_geyser
D:5:      layout_rooms, uniq_blork_the_orc

Skill      XL: |  1  2  3  4  5  6  7 |
---------------+----------------------+-----
Axes           | 3 4 |  4.8
Dodging        | 2 3 |  3.9
Armour         | 3 4 5 |  5.1
Fighting       | 4 5 |  5.8

Action                   |  1- 3 |  4- 6 |  7- 9 || total
-------------------------+-------+-------+-------++-------
Melee: Hand axe          |    91 |   100 |   124 ||   315
Invok: Berserk           |     3 |     3 |     3 ||     9
       Trog's Hand       |       |       |     2 ||     2
 Stab: Sleeping          |       |     1 |       ||     1
  Eat: Chunk             |     5 |     3 |     8 ||    16
       Ration            |       |     1 |       ||     1
Armor: Animal skin       |    30 |    38 |    66 ||   134
Dodge: Dodged            |    64 |    70 |   122 ||   256
